 Dungeon Crawl Stone Soup version 0.30-a0-622-gddc90eaa04 (webtiles) character file.

Game seed: 6861562459676194222

85760 bmack86 the Warrior (level 15, -10/147 HPs)
             Began as a Minotaur Fighter on Jan 10, 2023.
             Was a High Priest of Okawaru.
             Mangled by an orc warlord
             ... wielding a +0 battleaxe
              (31 damage)
             ... on level 2 of the Orcish Mines.
             The game lasted 00:59:54 (21942 turns).

bmack86 the Warrior (Minotaur Fighter)             Turns: 21942, Time: 00:59:55

Health: -10/147    AC: 28    Str: 33    XL:     15   Next: 38%
Magic:  2/7        EV: 11    Int:  5    God:    Okawaru [*****.]
Gold:   1221       SH:  7    Dex: 16    Spells: 14/14 levels left

rFire   + . .      SeeInvis .    Q - +4 broad axe of the Doomed Warrior {antimagic, rElec rF+ Dex+4 Stlth+}
rCold   + . .      Faith    .    c - +0 buckler
rNeg    . . .      Spirit   .    v - +0 plate armour
rPois   .          Reflect  .    f - +2 hat
rElec   +          Harm     .    z - +3 cloak of Beloved Tender Moments {+Inv rC+ Dex+2}
rCorr   .          Rampage  .    A - +4 pair of gloves of the Desert {Str+5}
Will    +++..                    d - +1 pair of slick slippers {slick, slippery, EV+3} Stlth
                                 w - amulet of regeneration
HPRegen 1.24/turn                u - ring of willpower
MPRegen 0.10/turn                P - ring of willpower

@: finesse-ful, studying Throwing
A: horns 2, retaliatory headbutt
a: Renounce Religion, Evoke Invisibility, Heroism, Finesse, Duel


You were on level 2 of the Orcish Mines.
You worshipped Okawaru.
Okawaru was extremely pleased with you.
You visited 3 branches of the dungeon, and saw 22 of its levels.
You also visited: Bailey.

You collected 2153 gold pieces.
You spent 932 gold pieces at shops.

Inventory:

Hand Weapons
 k - a +3 vampiric broad axe
 o - the +2 broad axe of Watchfulness {flame, Str+5 Dex+2 SInv}
   (Okawaru gifted it to you on level 1 of the Lair of Beasts)

   Str:       It affects your strength (+5).
   Dex:       It affects your dexterity (+2).
   SInv:      It lets you see invisible.
 Q - the +4 broad axe of the Doomed Warrior (weapon) {antimagic, rElec rF+ Dex+4 Stlth+}
   (Okawaru gifted it to you on level 2 of the Lair of Beasts)

   Dex:       It affects your dexterity (+4).
   rF:        It protects you from fire.
   rElec:     It insulates you from electricity.
   Stlth:     It makes you more stealthy.
Missiles
 r - 3 silver javelins
 K - 24 javelins (quivered)
Armour
 c - a +0 buckler (worn)
 d - the +1 pair of slick slippers (worn) {slick, slippery, EV+3}
   (Okawaru gifted it to you on level 5 of the Lair of Beasts)

   Its wearer cannot be constricted, engulfed, netted or webbed.
   It slips away from damaging melee attacks, pulling the attacker onward.
   EV:        It affects your evasion (+3).
 f - a +2 hat (worn)
 n - a +2 cloak
 v - a +0 plate armour (worn)
 z - the +3 cloak of Beloved Tender Moments (worn) {+Inv rC+ Dex+2}
   (Okawaru gifted it to you on level 14 of the Dungeon)

   Dex:       It affects your dexterity (+2).
   rC:        It protects you from cold.
   +Inv:      It lets you turn invisible.
 A - the +4 pair of gloves of the Desert (worn) {Str+5}
   (You acquired it on level 7 of the Dungeon)

   Str:       It affects your strength (+5).
 Y - a +0 tower shield
Jewellery
 l - a ring of fire
 q - a ring of protection from cold
 u - a ring of willpower (left hand)
 w - an amulet of regeneration (around neck)
 y - a ring of protection from fire
 B - a ring of poison resistance
 C - an amulet of reflection
 P - a ring of willpower (right hand)
Wands
 a - a wand of mindburst (12)
 s - a wand of acid (26)
 L - a wand of roots (17)
 N - a wand of polymorph (18)
 R - a wand of flame (33)
Scrolls
 b - 6 scrolls of fear
 p - a scroll of silence
 t - 10 scrolls of teleportation
 D - 2 scrolls of magic mapping
 H - 3 scrolls of amnesia
 I - 7 scrolls of fog
 S - 5 scrolls of identify
 T - 2 scrolls of blinking
Potions
 e - 2 potions of cancellation
 g - 3 potions of resistance
 h - a potion of berserk rage
 i - a potion of might
 j - 6 potions of haste
 m - a potion of ambrosia
 x - 2 potions of heal wounds
 E - 3 potions of brilliance
 G - a potion of magic
 J - 10 potions of curing
 M - 2 potions of flight
 O - a potion of invisibility


   Skills:
 * Level 17.2 Fighting
 * Level 16.9 Axes
 + Level 10.8 Throwing
 + Level 12.4 Armour
 + Level 12.5 Shields
 + Level 9.7 Invocations


You had 14 spell levels left.
You didn't know any spells.
Your spell library contained the following spells:

 Spells                   Type           Power      Damage    Failure   Level
 Magic Dart               Conj           0%         1d3       98%         1
 Necrotise                Necr           0%         1d4       98%         1
 Sandblast                Erth           0%         2d4       98%         1
 Blink                    Tloc           0%         N/A       99%         2
 Cigotuvi's Dreadful Rot  Necr/Pois/Air  0%         N/A       99%         2
 Momentum Strike          Conj/Tloc      0%         3d8       99%         2
 Passwall                 Tmut/Erth      0%         N/A       99%         2
 Lesser Beckoning         Tloc           0%         N/A       100%        3
 Mephitic Cloud           Conj/Pois/Air  0%         N/A       100%        3
 Portal Projectile        Hex/Tloc       0%         N/A       100%        3
 Stone Arrow              Conj/Erth      0%         3d7       100%        3
 Vampiric Draining        Necr           0%         2d6       100%        3
 Agony                    Necr           0%         N/A       100%        5
 Blade Hands              Tmut           0%         N/A       100%        5
 Fireball                 Conj/Fire      0%         3d3       100%        5
 Iskenderun's Battlesphe  Conj           0%         2d6       100%        5
 Conjure Ball Lightning   Conj/Air       0%         3x3d6     100%        6
 Orb of Destruction       Conj           0%         9d5       100%        7
 Death's Door             Necr           0%         N/A       100%        9
 Call Imp                 Summ           Unusable   N/A       N/A         2
 Tukima's Dance           Hex            Unusable   N/A       N/A         3
 Simulacrum               Ice/Necr       Unusable   N/A       N/A         6

Dungeon Overview and Level Annotations

Branches:
Dungeon (15/15)            Temple (0/1) D:6            Lair (5/5) D:10
  Swamp (0/4) Lair:2        Snake (0/4) Lair:2        Slime (0/5) Lair:4
    Orc (2/2) D:10            Elf (0/3) Orc:2        Vaults (0/5) D:13
 Depths (0/4) D:15         Bailey (visited)

Altars:
Dithmenos
Elyvilon
Fedhas
Hepliaklqana
Okawaru
Ru
Sif Muna
Trog
Wu Jian
Yredelemnul

Shops:
D:9 [   D:11 (


Innate Abilities, Weirdness & Mutations

You have a pair of horns on your head.
You reflexively headbutt those who attack you in melee.


Message History

You kill the orc warrior!
Okawaru accepts your kill.
You hit the hellwing but do no damage.
You hit the orc knight but do no damage.
You miss the sixfirhy. You hit the orc warrior. You slash the orc knight!
You barely miss the orc warlord.
The orc warrior no longer looks unusually strong. x2
The orc wizard no longer looks unusually strong.
The orc warrior no longer looks unusually strong. x3
You block the orc warrior's attack.
An orc comes into view. It is wielding a +0 whip.
The orc high priest hits you but does no damage.
The orc knight barely misses you.
The orc wizard casts a spell.
The orc wizard flickers and vanishes!
The orc knight hits you with a +0 dire flail.
* * * LOW HITPOINT WARNING * * *
The orc high priest misses you.
The orc priest looks satisfied for a moment.
The orc wizard mumbles some strange words.
The orc wizard flickers and vanishes!
You block the hellwing's attack. The hellwing barely misses you.
You slice the orc warrior!!
You kill the orc warrior!
Okawaru accepts your kill.
You barely miss the sixfirhy.
You hit the orc knight but do no damage.
You slash the orc warlord! You slash the hellwing! You slash the orc!
You kill the orc!
You hit the orc knight. The hellwing attacks as you move away!
The hellwing completely misses you.
The hellwing hits you but does no damage.
The orc high priest says, "You will make a fine sacrifice."
The orc high priest calls upon Beogh to heal the orc warlord.
The orc warlord is healed somewhat.
The orc barely misses you. You furiously retaliate!
You headbutt the orc!
You kill the orc!
Something hits you but does no damage. You block the orc knight's attack.
The orc warlord hits you with a +0 battleaxe!!
You die...

#o..########
.............#.#
.............#.###
...{...o.........##
....oo4.{.3.......# ##
.⌠..o{ooo4.......#####.#
....oooooo3))))...##....
..o..oo3o4o))).........#
.....o)@))o{)#)#.......#
...o..{o)o4o.#.##..#..##
#####...######.........#
#...# #.....#.... #...#
###.....#.# ......
###....## .......
###.#.. #####... ##....
#.... ####.....


You could see an orc warlord (strong), 3 orc knights, 2 orc high priests, 3
hellwings, 2 sixfirhies, a ynoxinul (summoned), a chaos spawn (summoned), 2 orc
sorcerers, 6 orc warriors, 5 orc priests and 5 orcs.

Vanquished Creatures
  A stone giant (D:15)
  The ghost of themarg the Martial Artist, a journeyman GnTm of Gozag (Lair:4)
  Azrael (D:13)
  7 dire elephants (Lair:5)
  Snorg (Lair:5)
  An ettin (Orc:1)
  A fire dragon (D:15)
  Josephine (Lair:5)
  2 vault guards
  Erolcha (D:13)
  2 hydras
  4 centaur warriors
  2 ogre magi (D:15)
  A death knight (D:15)
  5 boulder beetles
  10 two-headed ogres
  A death yak (Lair:5)
  Urug (Lair:2)
  An orc high priest (Orc:2)
  3 tengu warriors
  A spectral dire elephant (Lair:5)
  A fire crab (shapeshifter) (D:15)
  A spectral death yak (Lair:5)
  A spectral anaconda (Lair:5)
  A skeletal warrior (D:15)
  2 wizards (D:13)
  An obsidian statue (Lair:5)
  5 necromancers
  3 orc sorcerers (Orc:2)
  5 cyclopes
  4 manticores
  6 elephants (Lair:5)
  3 oklob plants (Lair:2)
  A guardian serpent (Lair:2)
  Maurice (D:9)
  4 black mambas
  3 gargoyles (D:12)
  2 torpor snails (Lair:4)
  16 cane toads
  Maggie (Lair:2)
  Psyche (D:9)
  2 kobold demonologists (D:12)
  2 efreet
  A tengu conjurer (D:15)
  7 komodo dragons
  2 freezing wraiths
  2 rime drakes (Lair:1)
  A troll (D:12)
  6 polar bears
  A hornet (D:7)
  24 blink frogs
  Prince Ribbit (D:5)
  Grinder (D:5)
  2 spectral elephants (Lair:5)
  4 dream sheep (Lair:5)
  9 slime creatures
  10 yaks
  2 centaur simulacra (D:14)
  9 wraiths
  4 basilisks
  A wyvern (D:8)
  25 humans
  5 fire elementals (D:13)
  3 steam dragons
  3 spectral cane toads (Lair:5)
  A warg (Orc:2)
  A floating eye (Lair:2)
  31 water moccasins
  4 acid dragons
  2 hell hounds (D:13)
  17 orc warriors
  2 black bears
  4 ice beasts
  10 ogres
  12 wolves
  8 centaurs
  An elephant skeleton (Lair:5)
  2 kobold brigands
  15 bullfrogs
  A gnoll sergeant (D:6)
  4 necrophages
  3 scorpions (D:5)
  8 wights
  3 killer bees (D:10)
  3 vampire bats (D:3)
  9 howler monkeys
  2 electric eels
  3 jellies
  18 orc priests
  3 gnoll boudas
  A hound (D:6)
  2 iguanas
  14 orc wizards
  21 gnolls
  20 adders
  5 white imps
  6 ufetubi
  3 worms (D:2)
  5 dart slugs
  64 orcs
  4 ball pythons
  12 bats
  7 endoplasms
  2 giant cockroaches
  8 goblins
  8 hobgoblins
  3 jackals (D:2)
  18 kobolds
  2 quokkas
  5 frilled lizards
  7 rats
  A bush (Lair:2)
622 creatures vanquished.

Vanquished Creatures (others)
  A kobold brigand (D:9)
  A goblin (D:9)
  22 fungi
  44 plants
  20 withered plants (Lair:5)
88 creatures vanquished.

Grand Total: 710 creatures vanquished

Notes
Turn   | Place    | Note
-------+----------+-------------------------------------------
     0 | D:1      | bmack86 the Minotaur Fighter began the quest for the Orb.
     0 | D:1      | Reached XP level 1. HP: 19/19 MP: 0/0
   124 | D:1      | Reached XP level 2. HP: 27/27 MP: 1/1
   134 | D:1      | Reached skill level 4 in Fighting
   563 | D:1      | Reached XP level 3. HP: 33/33 MP: 2/2
   878 | D:2      | Found a faded altar of an unknown god.
  1234 | D:2      | Reached XP level 4. HP: 40/41 MP: 3/3
  1847 | D:3      | Reached skill level 5 in Fighting
  1847 | D:3      | Reached skill level 1 in Throwing
  1847 | D:3      | Reached XP level 5. HP: 48/48 MP: 4/4
  2239 | D:3      | Found a basalt altar of Yredelemnul.
  2283 | D:3      | Found a hazy altar of Hepliaklqana.
  2426 | D:3      | Found a shimmering blue altar of Sif Muna.
  2616 | D:4      | Reached XP level 6. HP: 48/56 MP: 5/5
  2907 | D:4      | Found an iron altar of Okawaru.
  2915 | D:4      | Became a worshipper of Warmaster Okawaru
  3043 | D:4      | Noticed an ice beast
  3054 | D:4      | Killed an ice beast
  3055 | D:4      | Reached skill level 6 in Fighting
  3055 | D:4      | Reached skill level 5 in Axes
  3465 | D:5      | Entered Level 5 of the Dungeon
  3538 | D:5      | Noticed Prince Ribbit
  3554 | D:5      | Killed Prince Ribbit
  3554 | D:5      | Reached * piety under Okawaru
  3555 | D:5      | Reached skill level 5 in Armour
  3555 | D:5      | Reached skill level 5 in Shields
  3555 | D:5      | Reached XP level 7. HP: 33/64 MP: 6/6
  3674 | D:5      | Reached skill level 1 in Invocations
  3732 | D:5      | Noticed Grinder
  3744 | D:5      | Killed Grinder
  3853 | D:5      | Reached skill level 7 in Fighting
  3853 | D:5      | Reached XP level 8. HP: 73/73 MP: 8/8
  3871 | D:5      | Reached ** piety under Okawaru
  4093 | D:5      | Identified the +0 robe of Lewih {rCorr}
  4129 | D:5      | Found a shadowy altar of Dithmenos.
  4377 | D:5      | Found a white marble altar of Elyvilon.
  5084 | D:6      | Found a blossoming altar of Fedhas.
  5279 | D:6      | Reached skill level 8 in Fighting
  5433 | D:6      | Found a staircase to the Ecumenical Temple.
  5884 | D:7      | Noticed a hornet
  5889 | D:7      | Killed a hornet
  5889 | D:7      | Reached *** piety under Okawaru
  5890 | D:7      | Reached XP level 9. HP: 82/82 MP: 10/10
  5921 | D:7      | Received a gift from Okawaru
  6197 | D:7      | Reached skill level 9 in Fighting
  6520 | D:7      | Found an ornate altar of the Wu Jian Council.
  6922 | D:7      | Identified a scroll of acquirement
  6922 | D:7      | Acquired the +4 pair of gloves of the Desert {Str+5}
  7091 | D:8      | Reached **** piety under Okawaru
  7159 | D:8      | Received a gift from Okawaru
  7710 | D:9      | Noticed a polar bear
  7711 | D:9      | Noticed a polar bear
  7719 | D:9      | Killed a polar bear
  7720 | D:9      | Reached XP level 10. HP: 10/93 MP: 12/12
  7748 | D:9      | Noticed Psyche
  7768 | D:9      | Killed Psyche
  7769 | D:9      | Reached skill level 10 in Fighting
  8000 | D:9      | Found a flagged portal.
  8007 | Bailey   | Entered a bailey
  8046 | Bailey   | Reached skill level 5 in Throwing
  8058 | Bailey   | Reached ***** piety under Okawaru
  8119 | Bailey   | Noticed a vault guard
  8138 | Bailey   | Killed a vault guard
  8138 | Bailey   | Received a gift from Okawaru
  8139 | Bailey   | Reached skill level 10 in Axes
  8234 | D:9      | Noticed Maurice
  8244 | D:9      | Killed Maurice
  8258 | D:9      | Reached skill level 5 in Invocations
  8280 | D:9      | Found Muloa's Antique Armour Boutique.
  8425 | D:9      | Noticed a two-headed ogre
  8430 | D:9      | Killed a two-headed ogre
  8431 | D:9      | Reached skill level 11 in Fighting
  8994 | D:10     | Entered Level 10 of the Dungeon
  9021 | D:10     | Reached XP level 11. HP: 69/95 MP: 13/13
  9113 | D:10     | Noticed a two-headed ogre
  9124 | D:10     | Killed a two-headed ogre
  9354 | D:10     | Found a staircase to the Lair.
  9402 | D:10     | Noticed a boulder beetle
  9414 | D:10     | Killed a boulder beetle
  9452 | D:10     | Received a gift from Okawaru
  9506 | D:10     | Found a staircase to the Orcish Mines.
  9953 | D:10     | Found a sacrificial altar of Ru.
 10069 | Lair:1   | Entered Level 1 of the Lair of Beasts
 10080 | Lair:1   | Received a gift from Okawaru
 10118 | Lair:1   | Received a gift from Okawaru
 10119 | Lair:1   | Reached skill level 12 in Fighting
 10172 | Lair:1   | Received a gift from Okawaru
 10378 | Lair:1   | Received a gift from Okawaru
 10490 | Lair:1   | Identified the +2 broad axe of Watchfulness {flame, Str+5
                  | Dex+2 SInv} (Okawaru gifted it to you on level 1 of the
                  | Lair of Beasts)
 10490 | Lair:1   | Received a gift from Okawaru
 10600 | Lair:1   | Reached XP level 12. HP: 64/113 MP: 15/15
 10886 | Lair:1   | Reached ****** piety under Okawaru
 11209 | Lair:2   | Noticed an eight-headed hydra
 11218 | Lair:2   | Killed a five-headed hydra
 11219 | Lair:2   | Reached skill level 13 in Fighting
 11352 | Lair:2   | Found a staircase to the Snake Pit.
 11397 | Lair:2   | Identified the +4 broad axe of the Doomed Warrior
                  | {antimagic, rElec rF+ Dex+4 Stlth+} (Okawaru gifted it to
                  | you on level 2 of the Lair of Beasts)
 11397 | Lair:2   | Received a gift from Okawaru
 11404 | Lair:2   | Paralysed by a floating eye for 3 turns
 11466 | Lair:2   | Noticed Maggie
 11479 | Lair:2   | Killed Maggie
 11546 | Lair:2   | Found a staircase to the Swamp.
 11824 | Lair:2   | Noticed Urug
 11832 | Lair:2   | Killed Urug
 11962 | Lair:2   | Reached skill level 10 in Armour
 12258 | Lair:3   | Reached skill level 10 in Shields
 12506 | Lair:3   | Received a gift from Okawaru
 12585 | Lair:3   | Noticed a six-headed hydra
 12594 | Lair:3   | Killed a three-headed hydra
 12883 | Lair:3   | Identified the +6 war axe of Veirph {venom, rCorr} (Okawaru
                  | gifted it to you on level 3 of the Lair of Beasts)
 12883 | Lair:3   | Received a gift from Okawaru
 12884 | Lair:3   | Reached skill level 14 in Fighting
 12960 | Lair:3   | Identified the +1 scale mail of Toepn {*Slow +Inv Str+7}
 13018 | Lair:3   | Reached XP level 13. HP: 124/124 MP: 5/17
 13345 | Lair:4   | Found a staircase to the Slime Pits.
 13589 | Lair:4   | Found a runed translucent door.
 13590 | Lair:4   | Noticed themarg's ghost (journeyman GnTm)
 13605 | Lair:4   | Killed themarg's ghost
 14238 | Lair:5   | Entered Level 5 of the Lair of Beasts
 14736 | Lair:5   | Noticed Snorg
 14754 | Lair:5   | Killed Snorg
 14754 | Lair:5   | Received a gift from Okawaru
 14773 | Lair:5   | Noticed Josephine
 14778 | Lair:5   | Killed Josephine
 15061 | Lair:5   | Received a gift from Okawaru
 15201 | Lair:5   | Noticed a dire elephant
 15201 | Lair:5   | Noticed a dire elephant
 15201 | Lair:5   | Noticed a dire elephant
 15203 | Lair:5   | Noticed a dire elephant
 15213 | Lair:5   | Found the +8 Vampire's Tooth {vamp}
 15214 | Lair:5   | Noticed a dire elephant
 15224 | Lair:5   | Noticed a dire elephant
 15234 | Lair:5   | Killed a dire elephant
 15235 | Lair:5   | Noticed a dire elephant
 15238 | Lair:5   | Killed a dire elephant
 15250 | Lair:5   | Killed a dire elephant
 15721 | Lair:5   | Reached skill level 15 in Fighting
 15765 | Lair:5   | Got Kikubaaqudgh's Collected Works on the Charnel House
 15814 | Lair:5   | Killed a dire elephant
 15820 | Lair:5   | Killed a dire elephant
 15820 | Lair:5   | Received a gift from Okawaru
 15820 | Lair:5   | Found the +1 pair of slick slippers {slick, slippery, EV+3}
 15826 | Lair:5   | Killed a dire elephant
 15833 | Lair:5   | Killed a dire elephant
 16166 | Lair:5   | Reached skill level 15 in Axes
 16196 | Lair:5   | Reached XP level 14. HP: 97/135 MP: 6/19
 17133 | D:11     | Found Cureihogu's Firing Range.
 17144 | D:11     | Bought a manual of Throwing for 880 gold pieces
 17144 | D:11     | Bought 2 javelins for 17 gold pieces
 17144 | D:11     | Bought 4 javelins for 35 gold pieces
 18519 | D:13     | Noticed Erolcha
 18532 | D:13     | You fall into a shaft and drop 2 floors!
 18532 | D:15     | Entered Level 15 of the Dungeon
 18845 | D:13     | Killed Erolcha
 18845 | D:13     | Received a gift from Okawaru
 18920 | D:13     | Reached skill level 16 in Fighting
 18987 | D:13     | Identified the +7 long sword "Ahuz" {heavy, Drain rElec
                  | Int+3 Stlth+}
 19160 | D:13     | Found a gate to the Vaults.
 19382 | D:13     | Noticed Azrael
 19400 | D:13     | Killed Azrael
 20003 | D:14     | Found a bloodstained altar of Trog.
 20174 | D:14     | Reached skill level 10 in Throwing
 20482 | D:14     | Identified the +3 cloak of Beloved Tender Moments {+Inv rC+
                  | Dex+2} (Okawaru gifted it to you on level 14 of the
                  | Dungeon)
 20482 | D:14     | Received a gift from Okawaru
 20716 | D:15     | Found a staircase to the Depths.
 20717 | D:15     | Noticed a stone giant
 20734 | D:15     | Killed a stone giant
 20785 | D:15     | Reached XP level 15. HP: 132/145 MP: 4/21
 21010 | D:15     | Reached skill level 17 in Fighting
 21430 | Orc:1    | Entered Level 1 of the Orcish Mines
 21619 | Orc:2    | Entered Level 2 of the Orcish Mines
 21672 | Orc:2    | Found a staircase to the Elven Halls.
 21927 | Orc:2    | Received a gift from Okawaru
 21934 | Orc:2    | HP: 7/147 [orc knight/+0 dire flail (9)]
 21942 | Orc:2    | Mangled by an orc warlord

Illustrated notes

Levels and vault maps discovered:
D:1:      eino_arrival_druids_welcome, layout_basic
D:2:      layout_loops_corners, ebering_ecumenical_altar_abandoned
D:3:      layout_loops_ring, lemuel_blue_sif_altar,
          mainiacjoe_overflow_big_doors, roderic_batcave
D:4:      layout_basic, overflow_temple_1_default
D:5:      layout_layer_cave, nicolae_elyvilon_peaceful_grove,
          amcnicky_altar_gilded, kennysheep_generic_room_2, uniq_grinder,
          uniq_prince_ribbit1
D:6:      layout_basic, mainiacjoe_overflow_concentric_impassable, temple_hall
D:7:      layout_basic, mainiacjoe_overflow_surrounded_room
D:8:      lemuel_ice_spiral_2, layout_basic
D:9:      layout_irregular_city, enter_bailey_3, serial_shops, shop_statue,
          serial_ice, serial_ice_a, serial_ice_j, serial_ice_e, serial_ice_g,
          uniq_maurice, uniq_psyche
D:10:     layout_irregular_city, nicolae_ru_the_path_less_chosen,
          lair_entry_dummy, david_orc_3
D:11:     layout_small_grid, nicolae_shop_firing_range
D:12:     layout_stronghold
D:13:     layout_cave_pools, grunt_vaults_entry_tiered, minmay_crystal_room,
          minivault_10, uniq_azrael, uniq_erolcha
D:14:     layout_loops_cross, serial_ice, serial_ice_k, serial_ice_d,
          serial_ice_h, serial_ice_b, ebering_dispersal_statue_hall,
          trog_ov_bears_minmay
D:15:     grunt_enter_depths_giant_problem, layout_basic, kennysheep_doodads,
          serial_glass, glass_columns_a, glass_columns_a, glass_columns_a,
          glass_columns_a, glass_columns_c, glass_columns_b, glass_columns_a,
          glass_columns_c, glass_columns_a, glass_columns_a, glass_columns_b,
          glass_columns_a, glass_columns_a, glass_columns_a
Lair:1:   lemuel_reptile_caves, layout_big_grid
Lair:2:   layout_regular_city, minmay_swamp_entry_reptiles,
          minmay_snake_entry_spellcaster, serial_bayou_pond_a,
          fungi_pond_lemuel, disabler_island, uniq_urug, uniq_maggie
Lair:3:   layout_long_grid
Lair:4:   layout_regular_city, dpeg_slime_entry_enclosed, serial_forest,
          infiniplex_forest_corner_1, infiniplex_forest_end_3,
          infiniplex_forest_end_3, infiniplex_forest_lined_2,
          infiniplex_forest_clump_small, infiniplex_forest_end_2,
          infiniplex_forest_clump_medium, ebering_ghost_inner_flame
Lair:5:   due_jungle_book, layout_regular_city, serial_bayou_pond_d,
          grunt_forest_stairs_basic, uniq_josephine, uniq_snorg
Orc:1:    layout_caves, basic_altar
Orc:2:    st_orc_congregation, layout_diamond_mine

Skill      XL: |  1  2  3  4  5  6  7  8  9 10 11 12 13 14 15 |
---------------+----------------------------------------------+-----
Fighting       | 4 5 6 7 8 9 11 12 14 15 16 17 | 17.2
Axes           | 3 4 5 6 7 9 10 12 13 15 16 | 16.9
Shields        | 4 5 6 7 8 9 10 11 12 | 12.5
Armour         | 4 5 6 7 8 9 10 11 12 | 12.4
Throwing       | 1 2 3 4 5 6 7 8 10 | 10.8
Invocations    | 1 3 4 5 6 7 8 9 |  9.7

Action                   |  1- 3 |  4- 6 |  7- 9 | 10-12 | 13-15 || total
-------------------------+-------+-------+-------+-------+-------++-------
Melee: War axe           |   101 |    91 |   190 |   230 |       ||   612
       Headbutt          |    12 |     9 |    33 |    72 |   216 ||   342
       Broad axe         |       |       |       |   165 |   741 ||   906
Throw: Dart              |       |     3 |    17 |       |       ||    20
       Javelin           |       |       |       |    12 |    28 ||    40
Invok: Heroism           |       |       |       |     4 |    11 ||    15
       Finesse           |       |       |       |     1 |     1 ||     2
  Use: Scroll            |     3 |     8 |    18 |    10 |     8 ||    47
       Potion            |       |       |       |     2 |     8 ||    10
Armor: Scale mail        |    62 |     9 |       |       |       ||    71
       Chain mail        |       |    58 |    31 |       |       ||    89
       Plate armour      |       |       |   103 |   266 |   405 ||   774
       Skin              |       |       |     1 |       |       ||     1
Dodge: Dodged            |    51 |    54 |    61 |   119 |   308 ||   593
Block: Buckler           |    20 |    22 |   132 |   233 |   417 ||   824
       Other             |       |       |     2 |       |       ||     2
       Reflection        |       |       |     1 |     2 |    16 ||    19

Table legend: (Time is in decaauts)
 A = Elapsed time spent in this place.
 B = Non-inter-level travel time spent in this place.
 C = Inter-level travel time spent in this place.
 D = Time resting spent in this place.
 E = Time spent auto-exploring this place.
 F = Levels seen in this place.
 G = Mean time per level.
                   A        B        C        D        E       F      G
               +--------+--------+--------+--------+--------+-----+--------+
         Total |  21950 |  21318 |    632 |   1640 |  13455 |  23 |  954.3 |
       Dungeon |  14648 |  14177 |    471 |    567 |   9460 |  15 |  976.5 |
          Lair |   6656 |   6509 |    147 |   1063 |   3853 |   5 | 1331.2 |
  Orcish Mines |    479 |    466 |     13 |      0 |    142 |   2 |  239.5 |
        Bailey |    166 |    166 |      0 |     10 |      0 |   1 |  166.0 |
               +--------+--------+--------+--------+--------+-----+--------+

Top non-repeatable levels by time:
  Lair:5: 2415 daAuts
     D:7: 1534 daAuts
     D:5: 1444 daAuts
  Lair:2: 1410 daAuts
     D:9: 1260 daAuts
    D:13: 1167 daAuts
    D:10: 1124 daAuts
    D:12: 1068 daAuts
  Lair:4: 1061 daAuts
     D:3: 963 daAuts
  Lair:1: 938 daAuts
     D:4: 910 daAuts
    D:14: 862 daAuts
     D:2: 845 daAuts
  Lair:3: 831 daAuts
